[ AOE2 MATCH · #476908945 ]
UnrankedGeorgians vs Tatars
[ REPLAY ANALYSIS · EXTRACTED FROM THE RECORDED GAME ]
Feudal
12:12
Castle
16:25
Imperial
—
| APM avg | 41.7 |
| APM peak | 58 |
| eAPM avg | 16.9 |
| Villagers / military | 54 / 2 |
Focus
⚔️ 36.7% · 🌾 63.3%
Fishing Ship ×7 · Unknown (2626) ×3 · Monaspa ×2
Feudal
10:35
Castle
—
Imperial
—
| APM avg | 51.6 |
| APM peak | 76 |
| eAPM avg | 15.3 |
| Villagers / military | 47 / 34 |
Focus
⚔️ 33.2% · 🌾 66.8%
Archer ×19 · Skirmisher ×8 · Militia ×7 · Fishing Ship ×6
Feudal
10:19
Castle
20:02
Imperial
—
| APM avg | 64.7 |
| APM peak | 89 |
| eAPM avg | 28.1 |
| Villagers / military | 48 / 14 |
Focus
⚔️ 43.2% · 🌾 56.8%
Archer ×13 · Fishing Ship ×6 · Unknown (2626) ×2 · Mangonel ×1
Feudal
11:27
Castle
19:36
Imperial
—
| APM avg | 54.2 |
| APM peak | 79 |
| eAPM avg | 24.5 |
| Villagers / military | 56 / 3 |
Focus
⚔️ 25.7% · 🌾 74.3%
Unknown (2626) ×14 · Fishing Ship ×9 · Monk ×3 · Unknown (1974) ×2
Match map
Initial resources + every placement click. Lines = walls · curves = elevation contours. ◆ gold · ⬟ stone · ● berries · ✦ relic · ◌ wall gap
Your base· Open — 8t gap
DK | Mauseren's base· Open — unwalled flank
Kalamalahala's base· Open — 5t gap
Young Carter's base· Open — unwalled flank
Smoothed initial terrain · ◌ = detected wall gap · hover for details
Inputs per minute
— Fost - - DK | Mauseren
Build order — Fost
122 actions detected in the replay
| 0:00 | Create | Villager (Male) |
| 0:01 | Create | Villager (Male) |
| 0:01 | Create | Villager (Male) |
| 0:02 | Build | House |
| 0:03 | Build | House |
| 0:19 | Create | Villager (Male) |
| 1:25 | Create | Villager (Male) |
| 1:40 | Create | Villager (Male) |
| 2:21 | Create | Villager (Male) |
| 2:21 | Create | Villager (Male) |
| 2:45 | Create | Villager (Male) |
| 2:45 | Create | Villager (Male) |
| 3:16 | Create | Villager (Male) |
| 3:16 | Create | Villager (Male) |
| 3:29 | Create | Villager (Male) |
| 3:33 | Build | Dock |
| 3:34 | Build | House |
| 4:03 | Create | Villager (Male) |
| 4:04 | Create | Villager (Male) |
| 4:22 | Create | Villager (Male) |
| 4:43 | Create | Fishing Ship |
| 4:44 | Create | Fishing Ship |
| 4:48 | Create | Villager (Male) |
| 5:05 | Build | House |
| 5:26 | Create | Villager (Male) |
| 5:26 | Create | Villager (Male) |
| 5:32 | Create | Fishing Ship |
| 5:39 | Build | House |
| 5:51 | Create | Villager (Male) |
| 6:09 | Create | Villager (Male) |
| 6:09 | Create | Villager (Male) |
| 6:11 | Build | Mill |
| 6:30 | Create | Villager (Male) |
| 6:31 | Create | Fishing Ship |
| 6:32 | Create | Fishing Ship |
| 7:04 | Create | Fishing Ship |
| 7:07 | Create | Villager (Male) |
| 7:31 | Create | Villager (Male) |
| 7:31 | Create | Villager (Male) |
| 7:42 | Build | Dock |
| 7:44 | Create | Villager (Male) |
| 7:50 | Build | House |
| 7:56 | Build | Palisade Wall |
| 8:04 | Create | Villager (Male) |
| 8:10 | Create | Fishing Ship |
| 8:19 | Build | House |
| 8:20 | Build | Palisade Wall |
| 8:25 | Create | Villager (Male) |
| 8:42 | Create | Villager (Male) |
| 9:04 | Build | Palisade Wall |
| 9:17 | Build | Barracks |
| 10:02 | Research | Feudal Age |
| 10:02 | Research | Feudal Age |
| 10:09 | Build | Mule Cart |
| 10:39 | Build | Palisade Wall |
| 10:43 | Build | Palisade Wall |
| 10:56 | Build | House |
| 11:28 | Create | Villager (Male) |
| 11:29 | Create | Villager (Male) |
| 11:56 | Build | Mule Cart |
| 12:12 | Age | Feudal Age |
| 12:18 | Create | Unit 2626 |
| 12:19 | Create | Unit 2626 |
| 12:28 | Create | Villager (Male) |
| 12:37 | Build | Market |
| 12:45 | Build | Blacksmith |
| 13:45 | Research | Castle Age |
| 13:55 | Create | Unit 2626 |
| 14:38 | Create | Villager (Male) |
| 14:46 | Build | Mule Cart |
| 15:30 | Build | House |
| 15:31 | Build | House |
| 15:38 | Build | Farm |
| 15:39 | Build | Farm |
| 15:55 | Research | Double-Bit Axe |
| 16:06 | Create | Villager (Male) |
| 16:13 | Research | Loom |
| 16:14 | Create | Villager (Male) |
| 16:25 | Age | Castle Age |
| 16:38 | Create | Villager (Male) |
| 17:03 | Build | Farm |
| 17:03 | Build | Farm |
| 17:04 | Build | Farm |
| 17:07 | Build | Farm |
| 17:09 | Build | Farm |
| 17:10 | Create | Villager (Male) |
| 17:48 | Build | Farm |
| 17:56 | Create | Villager (Male) |
| 18:27 | Build | Castle |
| 18:30 | Create | Villager (Male) |
| 18:37 | Build | Farm |
| 18:42 | Build | Farm |
| 18:43 | Build | Farm |
| 18:55 | Create | Villager (Male) |
| 18:58 | Build | Farm |
| 19:15 | Create | Villager (Male) |
| 19:25 | Create | Villager (Male) |
| 19:31 | Build | Town Center |
| 19:50 | Build | Castle |
| 19:55 | Build | Palisade Wall |
| 19:58 | Build | Palisade Gate |
| 20:03 | Build | Palisade Wall |
| 20:05 | Build | Palisade Gate |
| 20:07 | Build | Palisade Wall |
| 20:09 | Build | Palisade Wall |
| 20:10 | Build | Palisade Gate |
| 20:19 | Create | Villager (Male) |
| 20:19 | Create | Villager (Male) |
| 20:21 | Build | Farm |
| 20:27 | Create | Villager (Male) |
| 20:49 | Create | Villager (Male) |
| 20:51 | Create | Villager (Male) |
| 21:04 | Create | Villager (Male) |
| 21:06 | Create | Villager (Male) |
| 21:07 | Create | Villager (Male) |
| 21:17 | Create | Villager (Male) |
| 21:26 | Research | Scale Barding Armor |
| 21:26 | Research | Scale Barding Armor |
| 21:29 | Create | Monaspa |
| 21:30 | Create | Monaspa |
| 21:51 | Create | Villager (Male) |
| 21:51 | Create | Villager (Male) |
Build order — DK | Mauseren
133 actions detected in the replay
| 0:01 | Create | Villager (Male) |
| 0:02 | Create | Villager (Male) |
| 0:02 | Build | House |
| 0:03 | Build | House |
| 0:14 | Create | Villager (Male) |
| 0:21 | Create | Villager (Male) |
| 1:37 | Create | Villager (Male) |
| 1:39 | Create | Villager (Male) |
| 1:41 | Build | Lumber Camp |
| 2:10 | Create | Villager (Male) |
| 2:52 | Create | Villager (Male) |
| 3:21 | Create | Villager (Male) |
| 3:21 | Create | Villager (Male) |
| 3:31 | Build | House |
| 3:42 | Create | Villager (Male) |
| 4:14 | Create | Villager (Male) |
| 4:17 | Build | Dock |
| 4:46 | Create | Villager (Male) |
| 4:53 | Create | Fishing Ship |
| 5:17 | Create | Villager (Male) |
| 5:31 | Create | Villager (Male) |
| 5:45 | Create | Fishing Ship |
| 5:48 | Build | House |
| 5:49 | Research | Loom |
| 6:10 | Create | Villager (Male) |
| 6:36 | Create | Fishing Ship |
| 6:58 | Create | Fishing Ship |
| 7:04 | Create | Villager (Male) |
| 7:30 | Create | Villager (Male) |
| 7:36 | Build | House |
| 7:41 | Build | Mill |
| 7:55 | Create | Villager (Male) |
| 8:25 | Research | Feudal Age |
| 8:25 | Research | Feudal Age |
| 8:35 | Build | Lumber Camp |
| 9:19 | Build | Barracks |
| 10:01 | Build | Mining Camp |
| 10:11 | Create | Militia |
| 10:11 | Create | Militia |
| 10:11 | Create | Militia |
| 10:13 | Build | House |
| 10:35 | Age | Feudal Age |
| 10:36 | Build | Archery Range |
| 10:56 | Create | Villager (Male) |
| 10:58 | Create | Villager (Male) |
| 11:05 | Create | Villager (Male) |
| 11:11 | Research | Man-at-Arms (upgrade) |
| 11:26 | Create | Villager (Male) |
| 11:33 | Create | Villager (Male) |
| 11:44 | Create | Militia |
| 12:02 | Create | Villager (Male) |
| 12:04 | Create | Skirmisher |
| 12:04 | Create | Skirmisher |
| 12:21 | Create | Skirmisher |
| 12:22 | Create | Skirmisher |
| 12:24 | Create | Villager (Male) |
| 12:28 | Create | Villager (Male) |
| 12:30 | Build | Mill |
| 12:52 | Create | Skirmisher |
| 12:54 | Create | Skirmisher |
| 12:58 | Create | Militia |
| 12:58 | Create | Militia |
| 13:00 | Build | House |
| 13:00 | Build | House |
| 13:18 | Build | House |
| 13:19 | Build | House |
| 13:49 | Create | Skirmisher |
| 13:54 | Create | Fishing Ship |
| 13:54 | Create | Fishing Ship |
| 14:05 | Create | Skirmisher |
| 14:07 | Create | Villager (Male) |
| 14:16 | Create | Archer |
| 14:18 | Build | Archery Range |
| 14:27 | Create | Villager (Male) |
| 14:28 | Build | House |
| 14:34 | Build | Fish Trap |
| 14:45 | Create | Archer |
| 14:49 | Create | Villager (Male) |
| 14:56 | Build | Farm |
| 15:06 | Create | Militia |
| 15:08 | Create | Archer |
| 15:22 | Build | Blacksmith |
| 15:22 | Create | Archer |
| 15:41 | Create | Villager (Male) |
| 15:43 | Build | Farm |
| 15:45 | Build | Farm |
| 15:48 | Create | Villager (Male) |
| 15:58 | Create | Archer |
| 15:58 | Create | Archer |
| 16:14 | Research | Fletching |
| 16:16 | Build | Farm |
| 16:19 | Create | Archer |
| 16:38 | Create | Archer |
| 16:38 | Create | Villager (Male) |
| 16:39 | Create | Archer |
| 16:53 | Create | Villager (Male) |
| 16:54 | Create | Villager (Male) |
| 16:55 | Build | Farm |
| 17:15 | Create | Villager (Male) |
| 17:17 | Build | Farm |
| 17:18 | Create | Villager (Male) |
| 17:26 | Build | Mill |
| 17:28 | Build | Fish Trap |
| 17:31 | Create | Archer |
| 17:33 | Build | House |
| 17:33 | Build | House |
| 17:37 | Create | Villager (Male) |
| 17:50 | Create | Villager (Male) |
| 17:54 | Create | Archer |
| 18:09 | Create | Villager (Male) |
| 18:15 | Create | Villager (Male) |
| 18:16 | Create | Archer |
| 18:16 | Create | Archer |
| 18:20 | Create | Villager (Male) |
| 18:26 | Build | Farm |
| 18:28 | Research | Double-Bit Axe |
| 18:58 | Create | Archer |
| 19:22 | Build | House |
| 19:40 | Create | Villager (Male) |
| 19:58 | Build | Farm |
| 20:14 | Research | Castle Age |
| 20:24 | Create | Archer |
| 20:24 | Create | Archer |
| 20:30 | Create | Archer |
| 20:34 | Create | Villager (Male) |
| 20:37 | Build | Farm |
| 20:53 | Create | Villager (Male) |
| 21:00 | Create | Villager (Male) |
| 21:01 | Create | Archer |
| 21:08 | Create | Archer |
| 21:11 | Create | Villager (Male) |
| 21:17 | Build | Farm |
| 21:36 | Build | House |
Build order — Kalamalahala
122 actions detected in the replay
| 0:00 | Create | Villager (Male) |
| 0:01 | Build | House |
| 0:02 | Build | House |
| 0:06 | Create | Villager (Male) |
| 0:07 | Create | Villager (Male) |
| 0:07 | Create | Villager (Male) |
| 0:10 | Create | Villager (Male) |
| 0:10 | Create | Villager (Male) |
| 1:28 | Create | Villager (Male) |
| 2:00 | Build | Lumber Camp |
| 2:23 | Create | Villager (Male) |
| 2:26 | Create | Villager (Male) |
| 2:53 | Create | Villager (Male) |
| 3:19 | Create | Villager (Male) |
| 3:42 | Build | House |
| 3:57 | Build | House |
| 4:12 | Create | Villager (Male) |
| 4:12 | Create | Villager (Male) |
| 4:17 | Build | Dock |
| 4:45 | Create | Villager (Male) |
| 4:57 | Create | Fishing Ship |
| 5:19 | Create | Villager (Male) |
| 5:33 | Create | Villager (Male) |
| 5:45 | Create | Fishing Ship |
| 5:49 | Build | House |
| 5:54 | Research | Loom |
| 6:01 | Create | Villager (Male) |
| 6:01 | Create | Villager (Male) |
| 6:29 | Create | Fishing Ship |
| 6:50 | Create | Fishing Ship |
| 7:01 | Create | Villager (Male) |
| 7:10 | Build | House |
| 7:14 | Create | Villager (Male) |
| 7:50 | Build | Mill |
| 8:09 | Research | Feudal Age |
| 8:17 | Build | Mining Camp |
| 9:06 | Build | Barracks |
| 9:11 | Create | Villager (Male) |
| 10:06 | Create | Villager (Male) |
| 10:19 | Age | Feudal Age |
| 10:21 | Build | Archery Range |
| 10:23 | Research | Double-Bit Axe |
| 10:36 | Create | Unit 2626 |
| 10:55 | Build | Palisade Wall |
| 10:56 | Build | Palisade Wall |
| 10:58 | Build | Palisade Wall |
| 11:02 | Build | Palisade Wall |
| 11:04 | Build | Palisade Wall |
| 11:06 | Create | Villager (Male) |
| 11:09 | Create | Villager (Male) |
| 11:12 | Build | House |
| 11:27 | Build | Palisade Wall |
| 11:27 | Create | Villager (Male) |
| 11:40 | Create | Villager (Male) |
| 11:49 | Create | Archer |
| 11:59 | Build | Palisade Wall |
| 12:16 | Build | Palisade Wall |
| 12:16 | Create | Villager (Male) |
| 12:17 | Create | Archer |
| 12:23 | Create | Villager (Male) |
| 12:29 | Create | Archer |
| 12:39 | Build | House |
| 12:45 | Create | Archer |
| 12:52 | Create | Archer |
| 12:59 | Build | House |
| 12:59 | Build | Palisade Wall |
| 13:02 | Create | Fishing Ship |
| 13:07 | Create | Archer |
| 13:11 | Build | Palisade Wall |
| 13:16 | Create | Archer |
| 13:18 | Create | Villager (Male) |
| 13:29 | Create | Archer |
| 13:40 | Create | Archer |
| 13:47 | Create | Villager (Male) |
| 13:48 | Create | Archer |
| 13:50 | Build | House |
| 13:51 | Create | Villager (Male) |
| 13:54 | Build | Palisade Wall |
| 14:00 | Build | Palisade Wall |
| 14:01 | Build | Palisade Wall |
| 14:09 | Create | Villager (Male) |
| 14:10 | Create | Archer |
| 14:14 | Create | Fishing Ship |
| 14:18 | Build | Blacksmith |
| 14:25 | Create | Archer |
| 14:28 | Create | Villager (Male) |
| 14:32 | Create | Villager (Male) |
| 14:43 | Create | Archer |
| 14:55 | Create | Villager (Male) |
| 15:02 | Research | Fletching |
| 15:02 | Research | Fletching |
| 15:09 | Create | Villager (Male) |
| 15:18 | Create | Unit 2626 |
| 15:27 | Create | Villager (Male) |
| 15:32 | Create | Villager (Male) |
| 15:44 | Build | Watch Tower |
| 15:57 | Build | House |
| 16:12 | Build | House |
| 16:24 | Build | Market |
| 17:22 | Research | Castle Age |
| 17:24 | Build | Lumber Camp |
| 17:46 | Build | Palisade Wall |
| 17:48 | Build | Palisade Wall |
| 17:48 | Build | Palisade Wall |
| 17:49 | Build | Palisade Wall |
| 18:20 | Build | Stone Wall |
| 18:37 | Build | House |
| 18:41 | Create | Villager (Male) |
| 19:02 | Build | Lumber Camp |
| 19:07 | Create | Villager (Male) |
| 20:02 | Age | Castle Age |
| 20:20 | Build | Town Center |
| 20:26 | Create | Villager (Male) |
| 21:16 | Create | Villager (Male) |
| 21:17 | Create | Villager (Male) |
| 21:26 | Build | Siege Workshop |
| 21:38 | Create | Villager (Male) |
| 21:39 | Create | Villager (Male) |
| 21:42 | Create | Villager (Male) |
| 21:49 | Create | Villager (Male) |
| 21:51 | Create | Mangonel |
| 22:13 | Create | Villager (Male) |
Build order — Young Carter
143 actions detected in the replay
| 0:02 | Build | House |
| 0:03 | Create | Villager (Male) |
| 0:03 | Create | Villager (Male) |
| 0:03 | Create | Villager (Male) |
| 0:04 | Build | House |
| 0:06 | Create | Villager (Male) |
| 0:06 | Create | Villager (Male) |
| 1:26 | Create | Villager (Male) |
| 1:26 | Create | Villager (Male) |
| 1:28 | Build | Lumber Camp |
| 1:51 | Create | Villager (Male) |
| 2:28 | Create | Villager (Male) |
| 2:28 | Create | Villager (Male) |
| 2:56 | Create | Villager (Male) |
| 2:56 | Create | Villager (Male) |
| 3:12 | Create | Villager (Male) |
| 3:13 | Create | Villager (Male) |
| 3:42 | Build | Dock |
| 3:52 | Build | House |
| 3:59 | Create | Villager (Male) |
| 3:59 | Create | Villager (Male) |
| 4:15 | Create | Villager (Male) |
| 4:15 | Create | Villager (Male) |
| 4:41 | Create | Villager (Male) |
| 4:41 | Create | Villager (Male) |
| 4:56 | Research | Loom |
| 5:00 | Build | Mill |
| 5:26 | Build | Dock |
| 5:28 | Build | Palisade Wall |
| 5:28 | Build | Palisade Wall |
| 5:29 | Build | Palisade Wall |
| 5:32 | Create | Villager (Male) |
| 5:32 | Create | Villager (Male) |
| 5:55 | Build | Mill |
| 5:59 | Create | Villager (Male) |
| 6:08 | Create | Fishing Ship |
| 6:08 | Create | Fishing Ship |
| 6:11 | Build | House |
| 6:14 | Create | Villager (Male) |
| 6:15 | Create | Villager (Male) |
| 6:54 | Create | Villager (Male) |
| 6:54 | Create | Villager (Male) |
| 7:10 | Create | Villager (Male) |
| 7:11 | Create | Fishing Ship |
| 7:11 | Create | Fishing Ship |
| 7:55 | Create | Fishing Ship |
| 8:01 | Build | House |
| 8:18 | Create | Villager (Male) |
| 8:18 | Create | Villager (Male) |
| 8:47 | Build | Lumber Camp |
| 8:49 | Create | Villager (Male) |
| 9:17 | Research | Feudal Age |
| 10:00 | Build | Dock |
| 10:03 | Create | Villager (Male) |
| 10:21 | Build | House |
| 10:25 | Build | House |
| 10:43 | Build | Mining Camp |
| 11:27 | Age | Feudal Age |
| 11:29 | Build | Blacksmith |
| 11:30 | Research | Double-Bit Axe |
| 11:46 | Create | Villager (Male) |
| 11:53 | Create | Unit 2626 |
| 11:53 | Create | Unit 2626 |
| 12:16 | Create | Unit 2626 |
| 12:21 | Create | Villager (Male) |
| 12:22 | Create | Villager (Male) |
| 12:27 | Build | House |
| 12:29 | Research | Forging |
| 12:39 | Create | Unit 2626 |
| 12:42 | Create | Villager (Male) |
| 12:45 | Build | House |
| 12:48 | Create | Villager (Male) |
| 13:03 | Create | Unit 2626 |
| 13:04 | Create | Villager (Male) |
| 13:18 | Create | Unit 2626 |
| 13:36 | Create | Villager (Male) |
| 13:37 | Create | Unit 2626 |
| 13:38 | Create | Unit 2626 |
| 13:51 | Create | Villager (Male) |
| 13:51 | Create | Villager (Male) |
| 14:00 | Create | Unit 2626 |
| 14:08 | Create | Villager (Male) |
| 14:21 | Create | Villager (Male) |
| 14:28 | Build | Mining Camp |
| 14:32 | Build | Mining Camp |
| 14:34 | Create | Villager (Male) |
| 14:38 | Create | Villager (Male) |
| 15:03 | Build | Market |
| 15:11 | Build | Watch Tower |
| 15:15 | Build | House |
| 15:20 | Build | Stone Wall |
| 16:22 | Create | Fishing Ship |
| 16:23 | Create | Fishing Ship |
| 16:33 | Create | Unit 2626 |
| 16:34 | Create | Unit 2626 |
| 16:50 | Research | Castle Age |
| 17:11 | Create | Unit 2626 |
| 17:13 | Create | Villager (Male) |
| 17:18 | Build | House |
| 17:25 | Build | Barracks |
| 17:25 | Create | Villager (Male) |
| 17:30 | Build | Stone Wall |
| 17:34 | Build | Stone Wall |
| 17:37 | Build | House |
| 17:59 | Create | Unit 2626 |
| 17:59 | Create | Unit 2626 |
| 18:10 | Create | Villager (Male) |
| 18:17 | Build | Barracks |
| 18:21 | Build | House |
| 18:26 | Build | Stone Wall |
| 18:31 | Research | Scale Mail Armor |
| 18:34 | Build | Barracks |
| 18:38 | Research | Horse Collar |
| 19:14 | Create | Fishing Ship |
| 19:14 | Create | Fishing Ship |
| 19:35 | Build | House |
| 19:36 | Age | Castle Age |
| 19:40 | Build | Palisade Wall |
| 19:44 | Build | Palisade Wall |
| 19:45 | Build | Palisade Wall |
| 19:54 | Create | Villager (Male) |
| 20:09 | Create | Unit 1974 |
| 20:09 | Create | Unit 1974 |
| 20:21 | Build | Town Center |
| 20:32 | Build | Monastery |
| 20:34 | Create | Villager (Male) |
| 20:38 | Build | House |
| 20:39 | Build | Stone Wall |
| 20:43 | Build | House |
| 20:44 | Create | Villager (Male) |
| 20:48 | Create | Villager (Male) |
| 20:57 | Create | Villager (Male) |
| 20:57 | Create | Villager (Male) |
| 21:02 | Build | Mining Camp |
| 21:18 | Build | House |
| 21:27 | Create | Monk |
| 21:28 | Create | Monk |
| 21:30 | Build | Farm |
| 21:36 | Create | Villager (Male) |
| 21:36 | Create | Villager (Male) |
| 21:44 | Create | Monk |
| 22:08 | Build | Monastery |
| 22:14 | Build | House |
Match timeline
| 3:33 | Fost · first_building Dock |
| 3:42 | Young Carter · first_building Dock |
| 4:17 | Kalamalahala · first_building Dock |
| 4:17 | DK | Mauseren · first_building Dock |
| 5:28 | Young Carter · wall_segment Palisade Wall x1 |
| 5:28 | Young Carter · wall_segment Palisade Wall x1 |
| 5:29 | Young Carter · wall_segment Palisade Wall x1 |
| 7:56 | Fost · wall_segment Palisade Wall x3 |
| 8:20 | Fost · wall_segment Palisade Wall x1 |
| 9:04 | Fost · wall_segment Palisade Wall x2 |
| 9:06 | Kalamalahala · first_building Barracks |
| 9:17 | Fost · first_building Barracks |
| 9:19 | DK | Mauseren · first_building Barracks |
| 10:19 | Kalamalahala · age_up feudal |
| 10:21 | Kalamalahala · first_building Archery Range |
| 10:35 | DK | Mauseren · age_up feudal |
| 10:36 | DK | Mauseren · first_building Archery Range |
| 10:39 | Fost · wall_segment Palisade Wall x9 |
| 10:43 | Fost · wall_segment Palisade Wall x4 |
| 10:55 | Kalamalahala · wall_segment Palisade Wall x1 |
| 10:56 | Kalamalahala · wall_segment Palisade Wall x1 |
| 10:58 | Kalamalahala · wall_segment Palisade Wall x1 |
| 11:02 | Kalamalahala · wall_segment Palisade Wall x1 |
| 11:04 | Kalamalahala · wall_segment Palisade Wall x1 |
| 11:27 | Kalamalahala · wall_segment Palisade Wall x1 |
| 11:27 | Young Carter · age_up feudal |
| 11:59 | Kalamalahala · wall_segment Palisade Wall x1 |
| 12:12 | Fost · age_up feudal |
| 12:16 | Kalamalahala · wall_segment Palisade Wall x1 |
| 12:59 | Kalamalahala · wall_segment Palisade Wall x1 |
| 13:11 | Kalamalahala · wall_segment Palisade Wall x1 |
| 13:36 | Fost · first_market_sell 100 wood |
| 13:54 | Kalamalahala · wall_segment Palisade Wall x4 |
| 14:00 | Kalamalahala · wall_segment Palisade Wall x1 |
| 14:01 | Kalamalahala · wall_segment Palisade Wall x1 |
| 15:20 | Young Carter · wall_segment Stone Wall x1 |
| 16:25 | Fost · age_up castle |
| 16:44 | Young Carter · first_market_sell 100 stone |
| 16:45 | Young Carter · first_market_buy 100 food |
| 17:25 | Young Carter · first_building Barracks |
| 17:30 | Young Carter · wall_segment Stone Wall x1 |
| 17:34 | Young Carter · wall_segment Stone Wall x8 |
| 17:46 | Kalamalahala · wall_segment Palisade Wall x1 |
| 17:48 | Kalamalahala · wall_segment Palisade Wall x2 |
| 17:48 | Kalamalahala · wall_segment Palisade Wall x1 |
| 17:49 | Kalamalahala · wall_segment Palisade Wall x1 |
| 18:20 | Kalamalahala · wall_segment Stone Wall x10 |
| 18:26 | Young Carter · wall_segment Stone Wall x1 |
| 18:27 | Fost · first_building Castle |
| 19:27 | Fost · first_market_buy 100 stone |
| 19:36 | Young Carter · age_up castle |
| 19:40 | Young Carter · wall_segment Palisade Wall x1 |
| 19:44 | Young Carter · wall_segment Palisade Wall x1 |
| 19:45 | Young Carter · wall_segment Palisade Wall x1 |
| 19:55 | Fost · wall_segment Palisade Wall x7 |
| 19:55 | Kalamalahala · first_market_buy 100 stone |
| 20:02 | Kalamalahala · age_up castle |
| 20:03 | Fost · wall_segment Palisade Wall x4 |
| 20:07 | Fost · wall_segment Palisade Wall x3 |
| 20:09 | Fost · wall_segment Palisade Wall x5 |
| 20:32 | Young Carter · first_building Monastery |
| 20:39 | Young Carter · wall_segment Stone Wall x1 |
| 20:47 | Kalamalahala · first_market_sell 100 food |
| 21:26 | Kalamalahala · first_building Siege Workshop |
| 22:17 | Fost · resign |
[ AI ANALYSIS · 1 CREDIT ]
What really happened in this match?
Wolo.gg analyzes every decision: build order, eco, micro, common mistakes by bracket. Personalized analysis on WhatsApp or Discord in 30 seconds.
Civ guide
Georgians
Perfil
Jugador #242582